 Dungeon Sprint DCSS version 0.17-a0-1778-gd369669 (webtiles) character file.

8744 pipel the Messiah (level 11, -4/162 HPs)
             Began as a Hill Orc Gladiator on Sept 8, 2015.
             Was the Champion of Beogh.
             Slain by a troll (9 damage)
             ... in the Dungeon (Sprint VII: "The Pits").
             The game lasted 00:12:46 (3137 turns).

pipel the Messiah (Hill Orc Gladiator)              Turns: 3137, Time: 00:12:46

Health: -4/162     AC: 22    Str: 27    XL:     11   Next: 35%
Magic:  24/24      EV: 10    Int:  8    God:    Beogh [******]
Gold:   0          SH:  0    Dex: 11    Spells: 0 memorised, 10 levels left

rFire  . . .     SeeInvis .     a - +2 war axe (freeze)
rCold  + . .     Clarity  .     w - +3 chain mail {rC+}
rNeg   . . .     SustAt   .     (no shield)
rPois  .         Gourm    .     c - +0 helmet
rElec  .         Spirit   .     I - +0 cloak
rCorr  .         Warding  .     H - +0 pair of gloves
rMut   .         NoTele   +     (no boots)
MR     .....                    (no amulet)
Stlth  ..........               (no ring)
                                (no ring)

@: berserking, very quick, not resistant to hostile enchantments, extremely
unstealthy
A: walk on water
a: Smiting, Recall Orcish Followers, Give Item to Named Follower, Renounce
Religion


You were in the Dungeon.
You worshipped Beogh.
Beogh was exalted by your worship.
You were not hungry.

You visited 1 branch

Inventory:

Hand weapons
 a - a +2 war axe of freezing (weapon)
 d - a +1 hand axe of venom
 l - a +2 trident
 v - a +0 trident of piercing
 x - a +0 halberd
 E - a +0 war axe
 F - a +2 halberd of protection
 J - a +0 blowgun
Missiles
 p - 10 stones (quivered)
 y - 2 throwing nets
 K - 2 curare-tipped needles
Armour
 c - a +0 helmet (worn)
 q - a +0 leather armour
 w - a +3 chain mail of cold resistance (worn)
 G - a +3 plate armour
 H - a +0 pair of gloves (worn)
 I - a +0 cloak (worn)
Magical staves
 b - an uncursed staff of energy
Jewellery
 A - a +3 ring of dexterity
 C - a +3 ring of dexterity
Scrolls
 k - a scroll of blinking
 r - 3 scrolls of remove curse
 s - 5 scrolls of amnesia
 t - a scroll of summoning
 u - 2 scrolls of vulnerability
Potions
 f - 8 potions of curing
 g - 6 potions of heal wounds
 h - a potion of haste
 i - 3 potions of magic
 j - 3 potions of berserk rage
 o - 2 potions of invisibility
 z - a potion of lignification {unknown}
 B - a potion of might
 D - 2 potions of resistance
Comestibles
 e - 6 bread rations
 m - 40 fruits
 n - 7 meat rations


   Skills:
 + Level 13.7 Fighting
 + Level 18.0 Axes
 - Level 2.3 Throwing
 + Level 12.9 Armour
 - Level 3.5 Dodging
 * Level 19.1 Invocations


You had 10 spell levels left.
You didn't know any spells.

Dungeon Overview and Level Annotations

Branches:
Dungeon (1/1)

Altars:
Ashenzari
Cheibriados
Dithmenos
Elyvilon
Fedhas
Gozag
Kikubaaqudgha
Makhleb
Nemelex Xobeh
Okawaru
Qazlal
Ru
Sif Muna
Trog
Vehumet
Xom
Yredelemnul
Zin
The Shining One
Beogh
Jiyva
Lugonu


Message History

The centaur closely misses you. The troll bites you but does no damage.
The troll barely misses you. The troll claws you but does no damage.
The ynoxinul closely misses you.
The molten gargoyle blasts magma at you!
The bolt of magma hits you!
* * * LOW HITPOINT WARNING * * *
The centaur hits you with an enchanted shortbow.
* * * LOW HITPOINT WARNING * * *
Unknown command.
You closely miss the troll.
The troll is moderately wounded.
You closely miss the ynoxinul. You hit the centaur. You freeze the centaur.
The centaur is lightly wounded.
You slice the molten gargoyle!! You freeze the molten gargoyle.
You destroy the molten gargoyle!
Your Axes skill increases to level 18!
The troll bites you!
* * * LOW HITPOINT WARNING * * *
The troll claws you!
You die...

# ### ####### ####
..###..+...# .....
..##..##...### .....
'##..###...+.## ......
......##...#..## ....#
'###...##'##...###5..###
...##..#...#...#c3h)...#
....+..+..)'...(@TH§...#
...##..#...#...#(HE§...#
'###...##+##...###5..###
......##.((#..## ....#
'##..###...))## .....
))##..##...### .....
..###..)...# .... ###
######## ####


You could see a griffon, a hippogriff, a troll, a fire elemental, a ynoxinul, a
black bear, a centaur and 2 ufetubi.

Vanquished Creatures
  Erica (D)
  Sonja (D)
  2 sea snakes (D)
  A swamp dragon (D)
  A hornet (D)
  A salamander (D)
  Joseph (D)
  2 molten gargoyles (D)
  A naga mage (D)
  2 smoke demons (D)
  A kobold demonologist (D)
  An efreet (D)
  4 blink frogs (D)
  A two-headed ogre (D)
  A snapping turtle (D)
  A fire bat (D)
  A vampire (D)
  A basilisk (D)
  A deep elf fighter (D)
  2 mottled dragons (D)
  3 vampire mosquitoes (D)
  A naga (D)
  A black bear (D)
  A big kobold (D)
  A brain worm (D)
  A scorpion (D)
  4 wights (D)
  A crimson imp (D)
  An orc wizard (D)
  A gnoll shaman (D)
  An iguana (D)
  A worker ant (D)
  8 gnolls (D)
  A river rat (D)
  An ufetubus (D)
  An ooze (D)
  A giant gecko (D)
  An orc (D)
  A bat skeleton (D)
  2 giant cockroaches (D)
  A goblin (D)
  4 kobolds (D)
  A ball python skeleton (D)
  A bat (D)
  2 giant newts (D)
  A quokka zombie (D)
70 creatures vanquished.

Vanquished Creatures (collateral kills)
  A rat (D)
1 creature vanquished.

Vanquished Creatures (others)
  An orc wizard (D)
  An orc (D)
  A bat zombie (D)
3 creatures vanquished.

Grand Total: 74 creatures vanquished

Notes
Turn   | Place    | Note
--------------------------------------------------------------
     0 | D        | pipel the Hill Orc Gladiator began the quest for the Orb.
     0 | D        | Reached XP level 1. HP: 18/18 MP: 1/1
    39 | D        | Found a sacrificial altar of Ru.
    39 | D        | Found a shadowy altar of Dithmenos.
    39 | D        | Found a bloodstained altar of Trog.
    39 | D        | Found a deep blue altar of Sif Muna.
    39 | D        | Found a shimmering altar of Xom.
    39 | D        | Found a sparkling altar of Nemelex Xobeh.
    39 | D        | Found a corrupted altar of Lugonu.
    39 | D        | Found a viscous altar of Jiyva.
    40 | D        | Found a basalt altar of Yredelemnul.
    40 | D        | Found a glowing golden altar of the Shining One.
    40 | D        | Found a shattered altar of Ashenzari.
    40 | D        | Found a white marble altar of Elyvilon.
    40 | D        | Found a snail-covered altar of Cheibriados.
    40 | D        | Found a blossoming altar of Fedhas.
    40 | D        | Found a radiant altar of Vehumet.
    40 | D        | Found a burning altar of Makhleb.
    40 | D        | Found an ancient bone altar of Kikubaaqudgha.
    40 | D        | Found a glowing silver altar of Zin.
    40 | D        | Found a roughly hewn altar of Beogh.
    40 | D        | Found an iron altar of Okawaru.
    45 | D        | Found a stormy altar of Qazlal.
    45 | D        | Found an opulent altar of Gozag.
    46 | D        | Became a worshipper of Beogh the Brigand
    62 | D        | Reached XP level 2. HP: 20/25 MP: 2/2
   127 | D        | Acquired Beogh's first power
   127 | D        | Reached skill level 5 in Axes
   142 | D        | Acquired Beogh's second power
   143 | D        | Reached skill level 1 in Invocations
   149 | D        | Reached skill level 6 in Axes
   427 | D        | Noticed a wight
   427 | D        | Noticed a wight
   427 | D        | Noticed an iguana
   428 | D        | Noticed a wight
   428 | D        | Noticed a fire bat
   439 | D        | Reached skill level 1 in Armour
   439 | D        | Reached XP level 3. HP: 31/31 MP: 3/5
   449 | D        | Killed a wight
   449 | D        | Reached skill level 7 in Axes
   449 | D        | Reached XP level 4. HP: 26/40 MP: 0/7
   450 | D        | Noticed a wight
   456 | D        | Acquired Beogh's third power
   462 | D        | Killed a fire bat
   462 | D        | Reached skill level 5 in Fighting
   462 | D        | Reached skill level 10 in Axes
   462 | D        | Reached skill level 5 in Armour
   462 | D        | Reached XP level 5. HP: 32/50 MP: 7/10
   462 | D        | Reached XP level 6. HP: 36/57 MP: 7/11
   463 | D        | Killed a wight
   473 | D        | Killed an iguana
   473 | D        | Acquired Beogh's fourth power
   477 | D        | Killed a wight
   477 | D        | Reached skill level 11 in Axes
   479 | D        | Killed a wight
   483 | D        | Noticed a gnoll shaman
   596 | D        | Killed a gnoll shaman
   598 | D        | Acquired Beogh's fifth power
   604 | D        | Reached XP level 7. HP: 28/66 MP: 9/13
   734 | D        | Noticed a scorpion
   741 | D        | Killed a scorpion
   741 | D        | Reached skill level 12 in Axes
   798 | D        | Noticed a black bear
   801 | D        | Killed a black bear
   804 | D        | Noticed a brain worm
   806 | D        | Killed a brain worm
   827 | D        | Noticed a mottled dragon
   831 | D        | Noticed a smoke demon
   837 | D        | Killed a mottled dragon
   837 | D        | Reached skill level 13 in Axes
   837 | D        | Reached skill level 10 in Invocations
   841 | D        | Killed a smoke demon
   841 | D        | Reached XP level 8. HP: 48/79 MP: 11/16
   979 | D        | Noticed a worker ant
   979 | D        | Noticed a basilisk
   995 | D        | Killed a worker ant
  1011 | D        | Killed a basilisk
  1011 | D        | Reached skill level 10 in Fighting
  1011 | D        | Reached skill level 14 in Axes
  1063 | D        | Noticed a hornet
  1065 | D        | Killed a hornet
  1065 | D        | Reached XP level 9. HP: 83/86 MP: 13/18
  1121 | D        | Noticed a two-headed ogre
  1121 | D        | Noticed a deep elf fighter
  1124 | D        | Killed a two-headed ogre
  1126 | D        | Killed a deep elf fighter
  1126 | D        | Reached skill level 15 in Axes
  1172 | D        | Noticed an efreet
  1172 | D        | Noticed a swamp dragon
  1181 | D        | Killed an efreet
  1181 | D        | Reached skill level 10 in Armour
  1184 | D        | Killed a swamp dragon
  1186 | D        | HP: 3/89 [poison (poison gas)]
  1508 | D        | Noticed a sea snake
  1514 | D        | Killed a sea snake
  1584 | D        | Noticed a mottled dragon
  1585 | D        | Noticed a smoke demon
  1589 | D        | Killed a smoke demon
  1589 | D        | Reached XP level 10. HP: 36/97 MP: 19/21
  1591 | D        | Killed a mottled dragon
  1591 | D        | Reached skill level 16 in Axes
  1591 | D        | Reached skill level 15 in Invocations
  1601 | D        | HP: 3/97 [burnt (4)]
  1877 | D        | Noticed a crimson imp
  1891 | D        | Killed a crimson imp
  1910 | D        | Noticed Erica
  1911 | D        | Noticed a kobold demonologist
  1911 | D        | Noticed a big kobold
  1916 | D        | Killed Erica
  1920 | D        | Killed a big kobold
  1924 | D        | Killed a kobold demonologist
  2035 | D        | Noticed a blink frog
  2035 | D        | Noticed a blink frog
  2035 | D        | Noticed a blink frog
  2035 | D        | Noticed a molten gargoyle
  2036 | D        | Noticed a blink frog
  2039 | D        | Killed a blink frog
  2041 | D        | Noticed a vampire
  2042 | D        | Killed a molten gargoyle
  2043 | D        | Killed a vampire
  2058 | D        | Killed a blink frog
  2058 | D        | Reached skill level 17 in Invocations
  2061 | D        | Killed a blink frog
  2133 | D        | Noticed a naga
  2134 | D        | Noticed a naga mage
  2135 | D        | Noticed Joseph
  2135 | D        | Noticed a salamander
  2140 | D        | Killed a naga
  2153 | D        | Killed a naga mage
  2156 | D        | Killed a salamander
  2158 | D        | Killed Joseph
  2158 | D        | Reached XP level 11. HP: 36/107 MP: 15/23
  2523 | D        | Noticed Sonja
  2524 | D        | Noticed a snapping turtle
  2524 | D        | Killed Sonja
  2524 | D        | Reached skill level 18 in Invocations
  2540 | D        | Killed a snapping turtle
  2666 | D        | Killed a blink frog
  2737 | D        | Noticed a vampire mosquito
  2737 | D        | Noticed a sea snake
  2738 | D        | Noticed a vampire mosquito
  2739 | D        | Noticed a vampire mosquito
  2741 | D        | Killed a sea snake
  2743 | D        | Killed a vampire mosquito
  2745 | D        | Killed a vampire mosquito
  2747 | D        | Killed a vampire mosquito
  3123 | D        | Noticed a ynoxinul
  3123 | D        | Noticed an orc wizard
  3123 | D        | Noticed an orc wizard
  3123 | D        | Noticed a centaur
  3124 | D        | Noticed a fire elemental
  3124 | D        | Noticed a black bear
  3124 | D        | Noticed a hippogriff
  3125 | D        | Noticed a molten gargoyle
  3125 | D        | Noticed a griffon
  3128 | D        | Noticed a troll
  3129 | D        | an orc wizard (ally) was killed
  3131 | D        | Killed an orc wizard
  3131 | D        | Reached skill level 19 in Invocations
  3134 | D        | Beogh protects you from harm!
  3137 | D        | Killed a molten gargoyle
  3137 | D        | HP: 5/162 [troll (12)]
  3137 | D        | Slain by a troll

Vault maps used:
D:        pitsprint

Action                   |  1- 3 |  4- 6 |  7- 9 | 10-12 || total
-------------------------+-------+-------+-------+-------++-------
Melee: War axe           |    27 |    37 |    61 |    90 ||   215
       Hand axe          |       |       |     2 |       ||     2
Throw: Throwing net      |     3 |       |       |       ||     3
       Stone             |     1 |     4 |     2 |    10 ||    17
Invok: Smiting           |     1 |     4 |    10 |    11 ||    26
  Use: Potion            |     1 |     2 |     2 |     4 ||     9
 Stab: Sleeping          |     1 |       |       |       ||     1
  Eat: Chunk             |       |       |     2 |       ||     2
       Bread ration      |       |       |     1 |     1 ||     2
